 Dungeon Crawl Stone Soup version 0.28-a0-932-g843f935a50 (webtiles) character file.

Game seed: 18095820437176023574

111 porpoise the Conjurer (level 4, -1/24 HPs)
             Began as a Deep Elf Conjurer on Nov 28, 2021.
             Killed by divine providence
             ... invoked by an orc priest
              (15 damage)
             ... on level 3 of the Dungeon.
             The game lasted 00:09:04 (2991 turns).

porpoise the Conjurer (Deep Elf Conjurer)           Turns: 2991, Time: 00:09:05

Health: -1/24      AC:  3    Str:  4    XL:     4   Next: 62%
Magic:  13/13      EV: 12    Int: 24    God:
Gold:   110        SH:  0    Dex: 13    Spells: 2/13 levels left

rFire   . . .      SeeInvis .   a - +1 dagger (elec)
rCold   . . .      Faith    .   (no shield)
rNeg    . . .      Spirit   .   l - +0 robe
rPois   .          Reflect  .   n - +0 helmet
rElec   .          Harm     .   (no cloak)
rCorr   .          Rampage  .   (no gloves)
Will    .....                   (no boots)
Stlth   ++........              (no amulet)
HPRegen 0.08/turn               b - ring of flight
MPRegen 0.13/turn               (no ring)

@: flying
A: no striking features
a: no special abilities


You were on level 3 of the Dungeon.
You visited 1 branch of the dungeon, and saw 3 of its levels.

You collected 152 gold pieces.
You spent 42 gold pieces at shops.

Inventory:

Hand Weapons
 a - a +1 dagger of electrocution (weapon)
Missiles
 c - 71 stones
 e - 21 sling bullets
Armour
 d - a +0 buckler
 l - a +0 robe (worn)
 n - a +0 helmet (worn)
Jewellery
 b - a ring of flight (left hand)
Scrolls
 g - 2 scrolls of fog {unknown}
 h - a scroll of magic mapping {unknown}
 i - a scroll of amnesia {unknown}
 m - 2 scrolls of teleportation {unknown}
 o - a scroll of noise {unknown}
Potions
 f - 2 potions of curing
 j - a potion of flight {unknown}
 k - a potion of degeneration {unknown}


   Skills:
 - Level 2.4 Dodging
 - Level 2.4 Stealth
 + Level 5.1 Spellcasting
 - Level 5.5 Conjurations
 + Level 0.7 Hexes


You had 2 spell levels left.
You knew the following spells:

 Your Spells              Type           Power      Damage    Failure   Level
a - Magic Dart            Conj           100%       1d8       1%          1
b - Searing Ray           Conj           64%        2d6       1%          2
c - Fulminant Prism       Conj/Hex       10%        3d9       24%         4
d - Iskenderun's Mystic   Conj/Tloc      19%        2d6       28%         4

Your spell library contained the following spells:

 Spells                   Type           Power      Damage    Failure   Level
 Dazzling Flash           Conj/Hex       42%        N/A       7%          3


Dungeon Overview and Level Annotations

Branches:
Dungeon (3/15)

Altars:
Kikubaaqudgha
The Shining One

Shops:
D:1 !   D:2 [(*[   D:3 *==


Message History

Confirm with . or Enter, or press ? or * to list all spells.
Aiming: Searing Ray (safe; 1% risk of failure)
Press: ? - help, Shift-Dir - straight line, f - orc
Aim: an orc, wielding a +0 dagger and wearing a +0 leather armour (asleep, 100% to hit)
The searing ray hits the orc.
The orc is heavily wounded.
The orc shouts! (Press . to maintain the ray.)
The searing ray hits the orc!
You kill the orc!
You start resting.
Magic restored.
Things that are here:
a +0 dagger; a +0 leather armour
Found a club.
Found Vatt's Jewellery Boutique.
Found Hauplaaxo's Jewellery Emporium.
There is an entrance to Vatt's Jewellery Boutique here.
You can access your shopping list by pressing '$'.
There is an entrance to Hauplaaxo's Jewellery Emporium here.
You can access your shopping list by pressing '$'.
Found Ine Heos's Assorted Antiques.
Found an escape hatch in the ceiling.
Found a stone staircase leading down.
An orc priest comes into view. It is wielding a +0 club.
There is an entrance to Ine Heos's Assorted Antiques here.
The orc priest shouts!
An orc wizard comes into view. It is wielding a +4 dagger.
There is an escape hatch in the ceiling here.
An orc priest comes into view.
It is wielding a +0 club and wearing a +1 leather armour of fire resistance.
The orc wizard shouts!
The orc priest shouts!
The orc priest looks satisfied for a moment.
The orc priest invokes the aid of Beogh against you.
Beogh smites you!
An orc comes into view. It is wielding a +0 whip.
The orc shouts!
There is a stone staircase leading down here.
The orc priest mumbles some strange prayers to Beogh against you.
Beogh smites you!
Ouch! That really hurt!
You die...

#######.####.#.#
###.................
.o.#######.######.#
.o..# #.# #.# .o.#
#.######.# .o##
#.#......# #..#
#.#.###### ###..#
#........∩
#..@8########.######
#.#>................
#.8<∩.8......<....##
####.##............)
#8##.............
#.##.....######..
#........# #..
####.....# #..
........ #..


You could see 2 orc priests, an orc wizard and an orc.

Vanquished Creatures
  A bullfrog skeleton (D:3)
  2 adders (D:3)
  A worm (D:3)
  A dart slug (D:1)
  An orc (D:3)
  4 ball pythons
  7 bats
  6 endoplasms
  5 giant cockroaches
  5 goblins
  9 hobgoblins
  2 jackals (D:3)
  2 kobolds
  A quokka (D:1)
  2 frilled lizards
  4 rats
53 creatures vanquished.

Notes
Turn   | Place    | Note
-------+----------+-------------------------------------------
     0 | D:1      | porpoise the Deep Elf Conjurer began the quest for the Orb.
     0 | D:1      | Reached XP level 1. HP: 10/10 MP: 6/6
   393 | D:1      | Reached XP level 2. HP: 11/15 MP: 3/8
   462 | D:1      | Learned a level 2 spell: Searing Ray
   778 | D:1      | Found Resewie's Distillery.
   786 | D:1      | Bought a potion of curing for 42 gold pieces
  1138 | D:2      | Found Vetop's Armour Shoppe.
  1171 | D:2      | Found Hudic's Assorted Antiques.
  1213 | D:2      | Reached skill level 5 in Conjurations
  1213 | D:2      | Reached XP level 3. HP: 19/19 MP: 8/10
  1253 | D:2      | Found a faded altar of an unknown god.
  1612 | D:2      | Found Avin's Antique Weapon Boutique.
  1885 | D:2      | Found Sarat's Antique Armour Shop.
  2325 | D:3      | Reached XP level 4. HP: 13/24 MP: 5/12
  2326 | D:3      | Reached skill level 5 in Spellcasting
  2463 | D:3      | Learned a level 4 spell: Fulminant Prism
  2468 | D:3      | Learned a level 4 spell: Iskenderun's Mystic Blast
  2474 | D:3      | Found an ancient bone altar of Kikubaaqudgha.
  2487 | D:3      | Found a glowing golden altar of the Shining One.
  2926 | D:3      | Found Vatt's Jewellery Boutique.
  2931 | D:3      | Found Hauplaaxo's Jewellery Emporium.
  2981 | D:3      | Found Ine Heos's Assorted Antiques.
  2991 | D:3      | Killed from afar by an orc priest

Illustrated notes

Levels and vault maps discovered:
D:1:      minmay_arrival_shoal_huts, layout_loops_corners, serial_shops,
          shop_fountains, grunt_decor_one_mirror, minmay_statues_item,
          kennysheep_nondescript, minmay_pentomino_v2
D:2:      layout_loops_ring, shapermc_ecumenical_altar_pompeii, serial_shops,
          nicolae_shop_trees, nicolae_shop_advertising_works
          [nicolae_subvault_shop_adworks], shop_coins, shop, grunt_ministairs_13
D:3:      layout_basic, mainiacjoe_overflow_big_doors, serial_shops, shop, shop,
          nicolae_shop_statue_plus, nicolae_shop_behind_doors

Skill      XL: |  1  2  3  4 |
---------------+-------------+-----
Spellcasting   | 4 5 |  5.1
Conjurations   | 5 |  5.5
Dodging        | |  2.4
Stealth        | |  2.4
Hexes          | |  0.7

Action                   |  1- 3 |  4- 6 || total
-------------------------+-------+-------++-------
 Cast: Magic Dart        |    73 |     9 ||    82
       Searing Ray       |     5 |     2 ||     7
  Use: Potion            |     1 |       ||     1
Armor: Robe              |     1 |       ||     1
Dodge: Dodged            |     8 |       ||     8

Table legend: (Time is in decaauts)
 A = Elapsed time spent in this place.
 B = Non-inter-level travel time spent in this place.
 C = Inter-level travel time spent in this place.
 D = Time resting spent in this place.
 E = Time spent auto-exploring this place.
 F = Levels seen in this place.
 G = Mean time per level.
                   A        B        C        D        E       F      G
               +--------+--------+--------+--------+--------+-----+--------+
         Total |   2990 |   2921 |     69 |    924 |   1729 |   3 |  996.7 |
       Dungeon |   2990 |   2921 |     69 |    924 |   1729 |   3 |  996.7 |
               +--------+--------+--------+--------+--------+-----+--------+

Top non-repeatable levels by time:
     D:1: 1139 daAuts
     D:3: 970 daAuts
     D:2: 880 daAuts
